AoeStats
← Hamza Khan

Arena

506425663Analyzed
4v4 RM · 20d ago on Sep 13, 2026· 63m 1s· 8 players
Game mode
Random Map
Map size
Large (8 player)
Population
200
Speed
Normal
Resources
Standard
Victory
Conquest
Starting age
Dark Age
Ending age
Imperial Age
RankedLock teamsTeams togetherTeam positionsShared explorationLock speedFull tech treeHidden civsTurbo modeCheats
Victory
Defeat
🇪🇸 Vikings · Spain
905
+16
🇿🇦 Slavs · South Africa
895
+16
🇨🇱 Franks · Chile
883
+17
🇨🇦 Mongols · Canada
867
+18
🇭🇰 Wei · Hong Kong SAR China
1000
-20
🇸🇪 Burgundians · Sweden
933
-18
🇮🇹 Chinese · Italy
853
-15
🇨🇳 Persians · China
828
-14
So Premium
10:34 Feudal Age
11:59 Double-Bit Axe
14:31 Castle Age
12:22 Horse Collar
15:17 Wheelbarrow
15:51 Bow Saw
16:25 Heavy Plow
18:35 Town Watch
23:25 Hand Cart
22:56 Loom
23:20 Stone Mining
23:20 Gold Mining
30:26 Imperial Age
28:19 Fletching
28:43 Padded Archer Armor
28:55 Bodkin Arrow
29:57 Ballistics
31:11 Bracer
31:26 Leather Archer Armor
30:39 Capped Ram
31:41 Thumb Ring
31:49 Siege Ram
32:35 Husbandry
32:46 Bloodlines
33:13 Leather Archer Armor
32:35 Elite Mangudai
36:27 Drill
36:28 Conscription
38:21 Chemistry
45:29 Forging
45:19 Scale Mail Armor
47:29 Pikeman
48:09 Squires
47:55 Arson
48:46 Iron Casting
48:26 Chain Mail Armor
49:57 Masonry
52:09 Stone Shaft Mining
52:10 Gold Shaft Mining
52:36 Blast Furnace
52:07 Plate Mail Armor
61:23 Town Patrol
LOTHBROKRG
0:28 Loom
11:26 Feudal Age
14:23 Double-Bit Axe
17:33 Castle Age
15:52 Double-Bit Axe
18:06 Wheelbarrow
17:55 Gold Mining
21:24 Husbandry
28:24 Gold Shaft Mining
31:52 Imperial Age
29:50 Hand Cart
30:01 Hand Cart
31:01 Bow Saw
33:41 Cavalier
35:21 Pikeman
50:08 Forging
52:43 Scale Mail Armor
60:23 Scale Barding Armor
63:20 Stone Mining
Dagobert
10:26 Feudal Age
15:02 Castle Age
13:10 Double-Bit Axe
13:58 Horse Collar
20:52 Heavy Plow
21:42 Bow Saw
23:36 Loom
24:24 Gold Mining
25:21 Stone Mining
31:04 Imperial Age
28:52 Forging
28:43 Scale Mail Armor
29:29 Gold Shaft Mining
28:42 Town Watch
30:30 Chain Mail Armor
30:51 Iron Casting
31:24 Ballistics
31:14 Fortified Wall
30:51 Treadmill Crane
32:45 Two-Man Saw
32:36 Pikeman
34:02 Plate Mail Armor
34:33 Blast Furnace
32:58 Heavy Scorpion
34:18 Conscription
34:39 Crop Rotation
34:58 Squires
36:51 Chemistry
36:32 Chieftains
39:51 Siege Engineers
40:58 Coinage
40:08 Elite Berserk
40:14 Man-at-Arms
40:39 Gambesons
41:11 Long Swordsman
41:37 Arson
41:43 Two-Handed Swordsman
42:22 Champion
51:24 Hoardings
51:03 Masonry
50:50 Murder Holes
56:55 Architecture
MintBoar416885
3:07 Loom
11:01 Feudal Age
12:06 Double-Bit Axe
12:11 Horse Collar
19:19 Castle Age
19:50 Forging
19:41 Scale Mail Armor
20:13 Bow Saw
19:29 Pikeman
22:47 Gold Mining
22:41 Man-at-Arms
24:10 Elite Skirmisher
27:39 Wheelbarrow
28:43 Fletching
28:56 Padded Archer Armor
28:45 Long Swordsman
29:42 Bodkin Arrow
30:47 Town Watch
31:51 Stone Mining
32:48 Hand Cart
32:48 Heavy Plow
33:22 Caravan
37:57 Ballistics
40:30 Imperial Age
38:47 Squires
42:03 Iron Casting
41:45 Chain Mail Armor
41:53 Detinets
42:36 Druzhina
42:57 Conscription
44:09 Blast Furnace
44:19 Chemistry
43:30 Fortified Wall
43:02 Two-Handed Swordsman
43:05 Halberdier
44:24 Plate Mail Armor
44:18 Champion
50:25 Crop Rotation
50:59 Two-Man Saw
51:00 Leather Archer Armor
62:46 Spies/Treason
Hamza Khan
0:29 Loom
11:12 Feudal Age
9:38 Double-Bit Axe
11:32 Horse Collar
13:34 Wheelbarrow
13:47 Bow Saw
15:24 Heavy Plow
18:38 Castle Age
16:54 Stone Mining
17:10 Gold Mining
18:15 Stone Shaft Mining
18:45 Gold Shaft Mining
19:22 Squires
19:21 Pikeman
22:01 Crop Rotation
24:59 Hand Cart
28:11 Two-Man Saw
29:28 Fortified Wall
34:47 Imperial Age
34:06 Town Watch
35:49 Conscription
36:34 Elite Coustillier
39:01 Chemistry
38:16 Forging
38:07 Scale Mail Armor
38:51 Scale Barding Armor
41:55 Iron Casting
41:35 Chain Mail Armor
41:21 Padded Archer Armor
41:45 Arson
42:44 Fletching
43:27 Halberdier
44:51 Elite Skirmisher
47:41 Leather Archer Armor
48:00 Husbandry
47:21 Cavalier
47:27 Light Cavalry
49:32 Hussar
54:39 Bodkin Arrow
55:44 Blast Furnace
54:35 Cavalier
57:07 Bracer
57:37 Plate Mail Armor
60:29 Flemish Revolution
61:15 Treadmill Crane
61:46 Masonry
Velox_M_B
0:35 Loom
12:19 Feudal Age
12:46 Double-Bit Axe
13:43 Horse Collar
23:36 Castle Age
21:37 Stone Mining
21:44 Gold Mining
22:37 Fletching
24:50 Bow Saw
25:48 Murder Holes
26:19 Ballistics
28:42 Wheelbarrow
28:56 Squires
28:43 Arson
29:02 Great Wall
29:34 Bodkin Arrow
30:19 Gold Shaft Mining
29:52 Town Watch
34:58 Imperial Age
34:37 Hand Cart
34:02 Elite Skirmisher
37:22 Two-Man Saw
37:25 Chemistry
36:37 Fortified Wall
37:05 Thumb Ring
37:12 Thumb Ring
38:49 Conscription
39:01 Heavy Plow
40:05 Bracer
40:06 Padded Archer Armor
41:56 Elite Chu Ko Nu
45:17 Caravan
45:36 Leather Archer Armor
46:20 Pikeman
46:26 Elite Fire Lancer
47:33 Heavy Rocket Cart
49:47 Ring Archer Armor
49:28 Forging
50:07 Halberdier
55:53 Husbandry
55:14 Cavalier
56:08 Bloodlines
55:19 Light Cavalry
TornToast5128
12:41 Feudal Age
14:27 Wheelbarrow
14:16 Horse Collar
14:22 Double-Bit Axe
21:06 Castle Age
19:37 Stone Mining
19:38 Gold Mining
19:42 Stone Mining
21:32 Fletching
21:43 Padded Archer Armor
22:21 Bow Saw
22:15 Heavy Plow
22:34 Bodkin Arrow
27:58 Stone Shaft Mining
28:03 Gold Shaft Mining
29:11 Leather Archer Armor
29:40 Tuntian
33:23 Imperial Age
31:15 Hand Cart
31:25 Ballistics
31:18 Thumb Ring
35:59 Heavy Hei Guang Cavalry
36:41 Husbandry
36:51 Bloodlines
36:55 Forging
36:51 Scale Barding Armor
38:43 Iron Casting
39:20 Chain Barding Armor
40:26 Parthian Tactics
41:09 Chemistry
42:53 Bracer
43:24 Ring Archer Armor
One Shoulder 100KG
11:30 Feudal Age
12:14 Double-Bit Axe
15:00 Castle Age
13:46 Horse Collar
15:59 Bow Saw
20:55 Wheelbarrow
21:35 Stone Mining
22:07 Gold Mining
28:31 Imperial Age
26:20 Hand Cart
26:12 Heavy Plow
27:09 Forging
27:06 Scale Barding Armor
28:26 Gold Shaft Mining
28:28 Stone Shaft Mining
28:37 Iron Casting
28:24 Chain Barding Armor
29:24 Bloodlines
29:14 Husbandry
29:38 Conscription
29:14 Loom
29:15 Town Watch
30:08 Guilds
29:25 Elite War Elephant
31:11 Two-Man Saw
30:27 Town Patrol
33:13 Blast Furnace
33:27 Plate Barding Armor
35:18 Fletching
36:22 Devotion
38:48 Coinage
48:21 Banking
48:23 Cavalier
49:45 Savar
55:06 Caravan
Connection lost

Rejoining the realm…

Still unreachable

The connection could not be restored.

Session expired

The server has moved on; the page needs a fresh start.